 Dungeon Crawl Stone Soup version 0.29-a0-378-gc08b2e8bf8 (webtiles) character file.

Game seed: 7806082160601228379

214 Hubjo the Firebug (level 5, -3/31 HPs)
             Began as a Deep Elf Fire Elementalist on May 4, 2022.
             Slain by an orc
             ... wielding a +0 hand axe
              (11 damage)
             ... on level 4 of the Dungeon.
             The game lasted 00:05:46 (3977 turns).

Hubjo the Firebug (Deep Elf Fire Elementalist)      Turns: 3977, Time: 00:05:47

Health: -3/31      AC:  2    Str:  7    XL:     5   Next: 60%
Magic:  11/12      EV: 12    Int: 20    God:
Gold:   154        SH:  0    Dex: 15    Spells: 7/12 levels left

rFire   . . .      SeeInvis .   (no weapon)
rCold   + . .      Faith    .   (no shield)
rNeg    . . .      Spirit   .   a - +0 robe
rPois   .          Reflect  .   (no helmet)
rElec   .          Harm     .   (no cloak)
rCorr   .          Rampage  .   (no gloves)
Will    .....                   (no boots)
Stlth   +++.......              (no amulet)
HPRegen 0.10/turn               k - ring of protection from cold
MPRegen 0.13/turn               (no ring)

@: about to teleport
A: low MP 1
a: no special abilities


You were on level 4 of the Dungeon.
You visited 1 branch of the dungeon, and saw 5 of its levels.

You collected 154 gold pieces.

Inventory:

Armour
 a - a +0 robe (worn)
Jewellery
 k - a ring of protection from cold (left hand)
Scrolls
 g - a scroll of fear {unknown}
 i - 2 scrolls of enchant weapon
Potions
 b - a potion of magic
 c - 2 potions of cancellation
 d - 2 potions of curing {unknown}
 e - 2 potions of might
 h - 2 potions of heal wounds {unknown}
 j - a potion of degeneration {unknown}
 l - a potion of mutation
 o - a potion of lignification {unknown}
 p - a potion of attraction {unknown}


   Skills:
 + Level 2.3 Fighting
 - Level 2.4 Dodging
 + Level 4.0 Stealth
 + Level 4.4 Spellcasting
 - Level 1.1 Conjurations
 * Level 4.6 Fire Magic


You had 7 spell levels left.
You knew the following spells:

 Your Spells              Type           Power      Damage    Failure   Level
a - Foxfire               Conj/Fire      60%        2x1d7     3%          1
b - Flame Wave            Conj/Fire      15%        2d6       36%         4

Your spell library contained the following spells:

 Spells                   Type           Power      Damage    Failure   Level
 Scorch                   Fire           44%        2d7       2%          2
 Conjure Flame            Conj/Fire      15%        6-21      12%         3
 Inner Flame              Hex/Fire       13%        N/A       14%         3


Dungeon Overview and Level Annotations

Branches:
Dungeon (5/15)
 Temple: D:4-7

Altars:
Gozag

Shops:
D:1 ?   D:3 =


Innate Abilities, Weirdness & Mutations

Your magical capacity is low. (-10% MP)


Message History

You hear a shout!
You conjure some foxfire!
The foxfire hits the orc.
The orc is lightly wounded.
An orc comes into view. It is wielding a +0 flail.
There is not enough space to conjure foxfire!
There is not enough space to conjure foxfire!
There is not enough space to conjure foxfire!
Your foxfire dissipates!
The foxfire hits the orc.
The orc is moderately wounded.
The orc closely misses you.
There is a stone staircase leading down here.
The orc hits you with a +0 hand axe!
You climb downwards.
You hear the hiss of flowing sand.
There is an entrance to an ossuary on this level.
Hurry and find it before the portal is buried!
Found a scroll labelled UMPYGH JYCH and a robe.
There is a stone staircase leading up here.
The orc closely misses you. The orc barely misses you.
You climb upwards.
There is a stone staircase leading down, spattered with blood here.
As you read the scroll labelled UMPYGH JYCH, it crumbles to dust.
You feel aware of your surroundings.
You sensed 1 altar.
It was a scroll of magic mapping.
An orc comes into view. It is wielding a +0 hand axe.
An orc comes into view. It is wielding a +0 whip.
The orc closely misses you.
As you read the scroll labelled XORIRA OSEFAT, it crumbles to dust.
You hear a loud clanging noise!
It was a scroll of noise.
You hear an angry hiss.
You hear a shout!
You hear an angry hiss.
The orc misses you. The orc hits you but does no damage. x2
As you read the scroll labelled SAINYM DIARIL, it crumbles to dust.
You feel strangely unstable.
It was a scroll of teleportation.
The orc hits you with a +0 hand axe! The orc barely misses you.
The orc attacks as you move away! The orc closely misses you.
The orc hits you with a +0 hand axe. x2
* * * LOW HITPOINT WARNING * * *
The orc attacks as you move away! The orc hits you with a +0 hand axe!
You die...

#.....##.#######*,,......#.
#.....##.......#*,,,.......
####..########.##,,,......#
##.# #..#<,,......# #.#
##.##**#...... #.#
#####..####...... #.#*
#...##...........
*,,*###.#.#######.[....
**,,#o@.#..## #......
**,#o####..# #...... *,#K#
##.#####†.....
*,#.#####...##....#..
***,#oo.....#..#.).###.
**,,,o.......#.......#*.
**,,,..############+###**
*,,,...,,,,,,,,,,,,,,,,,,
*,,.^..*,*,*,*,*,*,*,*,*,


You could see 4 orcs and a kobold.

Vanquished Creatures
  An iguana (D:2)
  Natasha (thrice) (D:2)
  5 adders
  5 dart slugs
  An orc (D:3)
  7 ball pythons
  7 endoplasms
  4 giant cockroaches
  6 goblins
  4 hobgoblins
  2 quokkas (D:1)
  4 bats
  2 frilled lizards
  5 kobolds
  5 rats
61 creatures vanquished.

Vanquished Creatures (collateral kills)
  9 foxfires (D:1)
9 creatures vanquished.

Vanquished Creatures (others)
  346 foxfires
  3 plants (D:1)
349 creatures vanquished.

Grand Total: 419 creatures vanquished

Notes
Turn   | Place    | Note
-------+----------+-------------------------------------------
     0 | D:1      | Hubjo the Deep Elf Fire Elementalist began the quest for
                  | the Orb.
     0 | D:1      | Reached XP level 1. HP: 10/10 MP: 6/6
   116 | D:1      | Found Caanokiz's Magic Scroll Emporium.
   475 | D:1      | Reached XP level 2. HP: 16/16 MP: 2/8
   839 | D:1      | Reached skill level 1 in Fighting
  1358 | D:2      | Noticed Natasha
  1362 | D:2      | Killed Natasha
  1363 | D:2      | Reached XP level 3. HP: 20/20 MP: 5/10
  1532 | D:2      | Noticed Natasha
  1540 | D:2      | Killed Natasha
  1541 | D:2      | Reached XP level 4. HP: 16/26 MP: 2/11
  1883 | D:2      | Noticed Natasha
  1893 | D:2      | Killed Natasha
  2133 | D:2      | Reached XP level 5. HP: 30/30 MP: 8/13
  2354 | D:2      | Found a faded altar of an unknown god.
  2370 | D:2      | Prayed at the altar of an unknown god.
  2370 | D:2      | Became a worshipper of Gozag Ym Sagoz the Greedy
  2469 | D:2      | Fell from the grace of Gozag
  2934 | D:2      | Learned a level 4 spell: Flame Wave
  3009 | D:3      | Found Boish's One-of-a-Kind Rings.
  3866 | D:3      | Gained mutation: Your magical capacity is low. (-10% MP)
                  | [potion of mutation]
  3970 | D:5      | Entered Level 5 of the Dungeon
  3977 | D:4      | Slain by an orc

Illustrated notes

Levels and vault maps discovered:
D:1:      dpeg_arrival_arbitrary_c, layout_rooms, serial_shops, shop,
          serial_bayou_pond_a
D:2:      layout_loops_cross, shapermc_ecumenical_altar_mp_highgroup,
          uniq_natasha
D:3:      minmay_chambers_of_twos, layout_basic, nicolae_shop_unique_rings
D:4:      layout_rooms, grunt_gozag_breadcrumbs, columned_hall_lemuel,
          chequers_decorated_corner, hangedman_minor_gate_pass
D:5:      layout_loops_cross, temple_statues, nicolae_ossuary_entry_monument,
          minivault_11, minmay_misc_feat_alley

Skill      XL: |  1  2  3  4  5 |
---------------+----------------+-----
Fighting       | 1 2 |  2.3
Stealth        | 3 4 |  4.0
Spellcasting   | 4 |  4.4
Fire Magic     | 4 |  4.6
Dodging        | |  2.4
Conjurations   | |  1.1

Action                   |  1- 3 |  4- 6 || total
-------------------------+-------+-------++-------
Melee: Unarmed           |     2 |     1 ||     3
 Cast: Foxfire           |    99 |   115 ||   214
Invok: Renounce Religion |       |     1 ||     1
  Use: Scroll            |       |     8 ||     8
       Potion            |       |     1 ||     1
Armor: Robe              |     1 |     6 ||     7
Dodge: Dodged            |    14 |    29 ||    43

Table legend: (Time is in decaauts)
 A = Elapsed time spent in this place.
 B = Non-inter-level travel time spent in this place.
 C = Inter-level travel time spent in this place.
 D = Time resting spent in this place.
 E = Time spent auto-exploring this place.
 F = Levels seen in this place.
 G = Mean time per level.
                   A        B        C        D        E       F      G
               +--------+--------+--------+--------+--------+-----+--------+
         Total |   4004 |   3878 |    126 |      0 |   3432 |   5 |  800.8 |
       Dungeon |   4004 |   3878 |    126 |      0 |   3432 |   5 |  800.8 |
               +--------+--------+--------+--------+--------+-----+--------+

Top non-repeatable levels by time:
     D:2: 1603 daAuts
     D:1: 1359 daAuts
     D:3: 933 daAuts
     D:4: 106 daAuts
     D:5: 1 daAuts
